 Dungeon Crawl Stone Soup version 0.32-a0-705-g60f233581c (webtiles) character file.

Game seed: 14952789356844886658

20371 mopl the Cleaver (level 12, -1/110 HPs)
             Began as a Minotaur Fighter on Mar 14, 2024.
             Was a Priest of Okawaru.
             Slain by an orc warrior
             ... wielding a +2 glaive of protection
             ... led by an orc warlord
              (16 damage)
             ... on level 1 of the Orcish Mines.
             The game lasted 00:15:43 (12563 turns).

mopl the Cleaver (Minotaur Fighter)                Turns: 12563, Time: 00:15:45

Health: -1/110     AC: 18    Str: 20    XL:     12   Next: 44%
Magic:  0/11       EV:  9    Int:  5    God:    Okawaru [***...]
Gold:   520        SH:  0    Dex: 16    Spells: 11/11 levels left

rFire   . . .        C - +4 battleaxe
rCold   . . .        (shield currently unavailable)
rNeg    . . .        P - +0 plate armour
rPois   +            (helmet restricted)
rElec   .            M - +0 cloak
rCorr   .            O - +0 pair of gloves
SInv    .            (no boots)
Will    .....        f - amulet of guardian spirit Stlth
                     y - +4 ring of slaying
HPRegen 0.38/turn    R - ring of poison resistance
MPRegen 0.12/turn

%: guardian spirit
@: lethally poisoned (-1 -> -10)
A: horns 2, retaliatory headbutt
a: Renounce Religion, Heroism


You were on level 1 of the Orcish Mines.
You worshipped Okawaru.
Okawaru was most pleased with you.
You visited 3 branches of the dungeon, and saw 14 of its levels.
You also visited: Sewer.

You collected 744 gold pieces.
You spent 224 gold pieces at shops.

Inventory:

Hand Weapons
 a - a +0 war axe
 l - a +7 heavy great mace
 z - a +2 dagger of venom
 C - a +4 battleaxe (weapon)
 N - a +1 vampiric spear
 S - a +1 long sword of flaming
 T - a +2 vampiric trident
 U - a +0 broad axe
Missiles
 e - 31 poisoned darts (quivered)
 x - 8 boomerangs
 F - 6 curare-tipped darts
 L - 3 javelins
Armour
 D - a +0 tower shield
 M - a +0 cloak (worn)
 O - a +0 pair of gloves (worn)
 P - a +0 plate armour (worn)
Jewellery
 f - an amulet of guardian spirit (around neck)
 p - an amulet of faith {!P}
 s - a ring of flight
 v - a +6 ring of strength
 y - a +4 ring of slaying (left hand)
 R - a ring of poison resistance (right hand)
Wands
 j - a wand of iceblast (28)
 E - a wand of flame (9)
 Q - a wand of polymorph (9)
 W - a wand of quicksilver (7)
Scrolls
 b - 9 scrolls of teleportation {unknown}
 g - 3 scrolls of noise {unknown}
 h - 2 scrolls of poison {unknown}
 i - a scroll of torment {unknown}
 k - 3 scrolls of fear {unknown}
 m - 2 scrolls of immolation {unknown}
 n - a scroll of revelation {unknown}
 r - 4 scrolls of enchant armour {unknown}
 t - a scroll of amnesia {unknown}
 w - a scroll of summoning {unknown}
 B - a scroll of enchant weapon {unknown}
 X - a scroll of blinking {unknown}
 Y - a scroll of silence {unknown}
 Z - a scroll of identify {unknown}
Potions
 c - a potion of cancellation {unknown}
 d - 2 potions of might
 o - a potion of ambrosia
 q - a potion of enlightenment {unknown}
 u - 3 potions of attraction {unknown}
 A - 3 potions of heal wounds
 G - a potion of resistance {unknown}
 H - 3 potions of invisibility {unknown}
 I - 3 potions of magic {unknown}
 J - 3 potions of haste {unknown}
 K - 6 potions of curing
 V - 2 potions of brilliance


   Skills:
 + Level 11.2 Fighting
 * Level 14.7 Axes
 + Level 5.3 Throwing
 + Level 11.1 Armour
 + Level 9.6 Dodging
 - Level 3.6 Shields
 + Level 4.6 Evocations


You had 11 spell levels left.
You didn't know any spells.
Your spell library contained the following spells:

 Spells                   Type           Power      Damage    Failure   Level
 Apportation              Tloc           0%         N/A       100%        1
 Sting                    Conj/Alch      0%         1d3       100%        1
 Jinxbite                 Hex            0%         N/A       100%        2
 Mercury Vapours          Alch/Air       0%         N/A       100%        2
 Sublimation of Blood     Necr           0%         N/A       100%        2
 Inner Flame              Hex/Fire       0%         N/A       100%        3
 Mephitic Cloud           Conj/Alch/Air  0%         N/A       100%        3
 Ignite Poison            Fire/Alch      0%         N/A       100%        4
 Olgreb's Toxic Radiance  Alch           0%         N/A       100%        4
 Sticky Flame             Fire/Alch      0%         2d4       100%        4
 Vhi's Electric Charge    Tloc/Air       0%         N/A       100%        4
 Alistair's Intoxication  Alch           0%         N/A       100%        5
 Arcjolt                  Conj/Air       0%         1d10      100%        5
 Freezing Cloud           Conj/Ice/Air   0%         6-21      100%        5
 Irradiate                Conj/Alch      0%         3d11      100%        5
 Ignition                 Fire           0%         3d3       100%        8
 Maxwell's Capacitive Co  Air            0%         ∞         100%        8
 Call Imp                 Summ           Unusable   N/A       N/A         2
 Summon Hydra             Summ           Unusable   N/A       N/A         7

Dungeon Overview and Level Annotations

Branches:
Dungeon (12/15)            Temple (1/1) D:7            Lair (0/5) D:11
    Orc (1/2) D:12          Sewer (visited)

Altars:
Ashenzari
Cheibriados
Dithmenos
Elyvilon
Fedhas
Gozag
Hepliaklqana
Kikubaaqudgha
Makhleb
Nemelex Xobeh
Okawaru
Qazlal
Ru
Sif Muna
Trog
Uskayaw
Vehumet
Wu Jian
Xom
Yredelemnul
Zin
The Shining One
Beogh

Shops:
D:2 =   D:12 !

Annotations:
D:7 3 runed translucent doors, Nilihum's ghost, novice MDEE


Innate Abilities, Weirdness & Mutations

You have a pair of horns on your head.
You reflexively headbutt those who attack you in melee.


Message History

You kill the orc warrior!
Okawaru accepts your kill.
Unknown command.
You carve the orc warlord like a ham!!! Your headbutt misses the orc warlord.
The orc warlord is moderately wounded.
You slash the orc warrior!
You hear a shout! x2
The orc warrior hits you from afar with a +0 trident!
The orc warrior barely misses you. You furiously retaliate!
You headbutt the orc warrior!
The orc warlord hits you with a +3 glaive of venom!!
* * * LOW HITPOINT WARNING * * *
You are lethally poisoned!
You feel much better.
You feel very sick.
An orc warrior comes into view.
It is wielding a +0 short sword and wearing a +1 chain mail of willpower.
The orc warrior misses you. You furiously retaliate!
You headbutt the orc warrior!
You kill the orc warrior!
Okawaru accepts your kill.
The orc priest hits you with a +0 war axe!
* * * LOW HITPOINT WARNING * * *
The orc warrior hits you from afar with a +2 glaive of protection!
* * * LOW HITPOINT WARNING * * *
The orc warlord hits you with a +3 glaive of venom.
* * * LOW HITPOINT WARNING * * *
The orc warrior closely misses you.
You feel much better.
You feel like a meek peon again.
You feel very sick.
The orc priest looks encouraged for a moment.
The orc priest barely misses you.
The orc warrior hits you from afar with a +0 trident!
* * * LOW HITPOINT WARNING * * *
The orc hits you with a +0 club.
* * * LOW HITPOINT WARNING * * *
The orc warlord roars a battlecry!
The orc warrior goes into a battle-frenzy!
The orc warrior hits you from afar with a +2 glaive of protection!
You die...

.....>.. ##
........ ##.#
##........
#...##.#.......
#..#...$.....
#...#.....#
#....$...##
#.....)...#.
##.o@))...o..
###ooo......
#o........
.o........
.........#.
.........#
#...#....##
##..###.##


You could see an orc warlord, 3 orc warriors, 2 orc priests and an orc (strong).

Vanquished Creatures
  Rupert (D:12)
  4 two-headed ogres
  An orc knight (D:12)
  An ugly thing (D:9)
  A deep elf pyromancer (D:12)
  A cyclops (D:9)
  Jeremiah (D:9)
  A yaktaur (D:8)
  2 unseen horrors
  A freezing wraith (D:11)
  5 trolls
  A hornet (D:8)
  4 slime creatures (D:11)
  4 wraiths
  Grum (D:9)
  A yak (shapeshifter) (D:8)
  3 wyverns (D:9)
  20 yaks
  A warg (Orc:1)
  Menkaure (D:4)
  2 steam dragons (D:6)
  3 vampire mosquitoes (D:11)
  3 water moccasins
  Duvessa (D:6)
  14 orc warriors
  A sky beast (D:8)
  A black bear (D:6)
  4 ogres
  2 ice beasts
  5 wolves
  3 centaurs
  4 phantoms
  6 kobold brigands
  4 bullfrogs
  8 scorpions
  6 wights
  Dowan (D:6)
  8 killer bees
  7 howler monkeys
  7 electric eels
  3 bombardier beetles
  7 hounds
  A jelly (D:5)
  7 orc priests
  A gnoll bouda (D:7)
  Terence (D:2)
  3 iguanas
  10 orc wizards
  3 gnolls (D:7)
  7 adders
  A shadow imp (D:7)
  2 ufetubi (D:6)
  2 dart slugs
  2 ribbon worms
  58 orcs
  6 ball pythons
  9 endoplasms
  6 giant cockroaches
  8 goblins
  5 hobgoblins
  A jackal (D:2)
  21 kobolds
  6 quokkas
  6 bats
  9 frilled lizards
  10 rats
  3 butterflies (D:11)
343 creatures vanquished.

Notes
Turn   | Place    | Note
-------+----------+-------------------------------------------
     0 | D:1      | mopl the Minotaur Fighter began the quest for the Orb.
     0 | D:1      | Reached XP level 1. HP: 19/19 MP: 0/0
   154 | D:1      | Reached XP level 2. HP: 23/27 MP: 1/1
   169 | D:1      | Found a faded altar of an unknown god.
   261 | D:1      | Reached skill level 3 in Axes
   655 | D:1      | Reached skill level 1 in Dodging
   855 | D:2      | Reached skill level 4 in Fighting
   855 | D:2      | Reached skill level 4 in Armour
   855 | D:2      | Reached XP level 3. HP: 32/33 MP: 2/2
   898 | D:2      | You fall into a shaft and drop 2 floors!
  1007 | D:4      | Noticed a phantom
  1028 | D:4      | Killed a phantom
  1029 | D:4      | Reached skill level 4 in Axes
  1029 | D:4      | Reached skill level 2 in Dodging
  1029 | D:4      | Reached XP level 4. HP: 24/41 MP: 3/3
  1219 | D:4      | Found an ancient bone altar of Kikubaaqudgha.
  1277 | D:4      | Noticed Menkaure
  1284 | D:4      | Killed Menkaure
  1285 | D:4      | Reached skill level 5 in Axes
  1285 | D:4      | Reached XP level 5. HP: 19/47 MP: 4/4
  1748 | D:2      | Noticed Terence
  1754 | D:2      | Killed Terence
  1755 | D:2      | Reached XP level 6. HP: 48/55 MP: 5/5
  1922 | D:2      | Found Biac's One-of-a-Kind Rings.
  2047 | D:2      | Reached skill level 5 in Armour
  2572 | D:3      | Reached skill level 5 in Fighting
  2989 | D:3      | Reached skill level 3 in Dodging
  3178 | D:3      | Identified the +2 whip "Sayzef" {freeze, *Noise Dex+4}
  3241 | D:5      | Entered Level 5 of the Dungeon
  3283 | D:5      | Reached skill level 6 in Axes
  3297 | D:5      | Reached XP level 7. HP: 44/61 MP: 6/6
  3423 | D:5      | Found a glowing silver altar of Zin.
  3450 | D:5      | Reached skill level 4 in Dodging
  3459 | D:5      | Reached skill level 7 in Axes
  3594 | D:5      | Reached skill level 6 in Armour
  3613 | D:5      | Reached skill level 6 in Fighting
  3630 | D:5      | Reached XP level 8. HP: 69/70 MP: 7/7
  3640 | D:5      | Found a sparkling altar of Nemelex Xobeh.
  3643 | D:5      | Found a shimmering altar of Xom.
  3879 | D:5      | Reached skill level 8 in Axes
  4324 | D:6      | Noticed Duvessa
  4326 | D:6      | Noticed Dowan
  4328 | D:6      | Reached skill level 5 in Dodging
  4361 | D:6      | HP: 1/71 [something/ball of steam (16)]
  4592 | D:6      | Killed Duvessa
  4594 | D:6      | Reached skill level 7 in Fighting
  4594 | D:6      | Reached skill level 7 in Armour
  4628 | D:6      | Reached skill level 9 in Axes
  4654 | D:6      | Found a glowing drain.
  4669 | Sewer    | Entered a sewer
  4798 | Sewer    | Reached XP level 9. HP: 45/79 MP: 8/8
  5101 | D:6      | Killed Dowan
  5256 | D:6      | Reached skill level 6 in Dodging
  5265 | D:6      | Reached skill level 10 in Axes
  5606 | D:7      | Found a staircase to the Ecumenical Temple.
  5675 | D:7      | Found a runed translucent gate.
  5719 | Temple   | Entered the Ecumenical Temple
  5826 | D:7      | Reached skill level 8 in Armour
  5878 | D:7      | Found an opulent altar of Gozag.
  5926 | D:7      | Reached skill level 8 in Fighting
  5935 | D:7      | Noticed a troll
  5936 | D:7      | Found an ornate altar of the Wu Jian Council.
  5941 | D:7      | Killed a troll
  6397 | D:7      | Found a runed translucent gate.
  6397 | D:7      | Found a runed translucent gate.
  6399 | D:7      | Noticed Nilihum's ghost (novice MDEE)
  6858 | D:8      | Reached skill level 11 in Axes
  7014 | D:8      | Reached XP level 10. HP: 78/90 MP: 9/9
  7019 | D:8      | Reached skill level 7 in Dodging
  7210 | D:8      | Noticed a two-headed ogre
  7215 | D:8      | Killed a two-headed ogre
  7401 | D:8      | Noticed a two-headed ogre
  7409 | D:8      | Killed a two-headed ogre
  7410 | D:8      | Reached skill level 9 in Fighting
  7410 | D:8      | Reached skill level 12 in Axes
  7410 | D:8      | Reached skill level 9 in Armour
  7773 | D:8      | Reached skill level 1 in Throwing
  7943 | D:8      | Reached skill level 1 in Evocations
  8141 | D:9      | Noticed Grum
  8496 | D:9      | Reached skill level 2 in Throwing
  8496 | D:9      | Reached skill level 8 in Dodging
  8503 | D:9      | Killed Grum
  8584 | D:9      | Noticed a cyclops
  8590 | D:9      | Killed a cyclops
  8704 | D:9      | Found a basalt altar of Yredelemnul.
  8794 | D:9      | Reached skill level 2 in Evocations
  8794 | D:9      | Reached XP level 11. HP: 63/99 MP: 6/10
  8794 | D:9      | Noticed Jeremiah
  8805 | D:10     | Entered Level 10 of the Dungeon
  8834 | D:10     | Reached skill level 13 in Axes
  8836 | D:10     | Reached skill level 3 in Throwing
  9059 | D:9      | Reached skill level 10 in Fighting
  9059 | D:9      | Reached skill level 10 in Armour
  9210 | D:9      | Killed Jeremiah
  9246 | D:9      | Noticed a brown ugly thing
  9255 | D:9      | Killed a brown ugly thing
  9570 | D:9      | Found an iron altar of Okawaru.
  9654 | D:10     | Reached skill level 3 in Evocations
  9676 | D:9      | Became a worshipper of Warmaster Okawaru
  9935 | D:10     | Found a bloodstained altar of Trog.
 10091 | D:10     | Found a shimmering blue altar of Sif Muna.
 10290 | D:11     | Noticed a two-headed ogre
 10300 | D:11     | Killed a two-headed ogre
 10346 | D:11     | Reached * piety under Okawaru
 10348 | D:11     | Reached skill level 4 in Throwing
 10576 | D:11     | Found a staircase to the Lair.
 10737 | D:11     | Reached skill level 9 in Dodging
 10802 | D:11     | Reached ** piety under Okawaru
 10968 | D:11     | Reached skill level 14 in Axes
 11056 | D:11     | Noticed a two-headed ogre
 11064 | D:11     | Killed a two-headed ogre
 11065 | D:11     | Reached XP level 12. HP: 45/108 MP: 3/11
 11280 | D:11     | Found a runed translucent door.
 11286 | D:11     | Found a runed translucent door.
 11452 | D:12     | Found a white marble altar of Elyvilon.
 11459 | D:12     | Reached skill level 4 in Evocations
 11468 | D:12     | Found a roughly hewn altar of Beogh.
 11468 | D:12     | Found a staircase to the Orcish Mines.
 11658 | D:12     | Noticed Sonja
 11660 | D:12     | Sonja changed into Sonja the ogre
 11660 | D:12     | Noticed Sonja
 11663 | D:12     | Killed Sonja the ogre
 11938 | D:12     | Found Ititre's Distillery.
 11953 | D:12     | Bought a potion of degeneration for 14 gold pieces
 11953 | D:12     | Bought a potion of heal wounds for 70 gold pieces
 11953 | D:12     | Bought a potion of curing for 42 gold pieces
 11953 | D:12     | Bought a potion of brilliance for 56 gold pieces
 11953 | D:12     | Bought a potion of curing for 42 gold pieces
 12011 | D:12     | Noticed Rupert
 12014 | D:12     | Paralysed by Rupert for 2 turns
 12029 | D:12     | Killed Rupert
 12029 | D:12     | Reached *** piety under Okawaru
 12030 | D:12     | Reached skill level 11 in Fighting
 12030 | D:12     | Reached skill level 5 in Throwing
 12030 | D:12     | Reached skill level 11 in Armour
 12543 | Orc:1    | Entered Level 1 of the Orcish Mines
 12547 | Orc:1    | Noticed an orc warlord
 12562 | Orc:1    | HP: 5/110 [orc warrior/+2 glaive of protection[an orc
                  | warlord] (7)]
 12562 | Orc:1    | HP: 2/110 [orc warlord/+3 glaive of venom (3)]
 12563 | Orc:1    | Slain by an orc warrior

Illustrated notes

Levels and vault maps discovered:
D:1:      sevenhm_arrival_forest_fort_small_4, layout_basic,
          shapermc_ecumenical_altar_flowoftime
D:2:      minmay_chambers_of_ones, layout_basic, nicolae_shop_unique_rings,
          uniq_terence
D:3:      kennysheep_big_flooded_room, layout_basic
D:4:      layout_basic, mainiacjoe_overflow_alcove_4, uniq_menkaure
D:5:      layout_basic, mainiacjoe_overflow_24_doors,
          chequers_temple_overflow_statue_of_worship
D:6:      layout_cave_pods, cheibrodos_sewer_entry_drain, abandoned_shop,
          uniq_duvessa
D:7:      layout_layer_cave, mainiacjoe_overflow_alcove_1,
          overflow_temple_1_default, minmay_temple_entry_crystal_x,
          gammafunk_ghost_necromancy
D:8:      cheibrodos_two_vegetables, layout_loops_ring, kennysheep_just_a_vault
D:9:      hangedman_cross_stitches, layout_rooms, mainiacjoe_overflow_brackets,
          nicolae_overflow_hidden_temple, uniq_grum, uniq_jeremiah
D:10:     layout_cave_pools, trog_butcher_becter, nicolae_overflow_crystal_walls
D:11:     lemuel_insect_pit, layout_rooms, erik_lair_island,
          minmay_stone_trees_small, grunt_ministairs_13
D:12:     layout_roguey, david_orc_5, serial_shops,
          nicolae_shop_industrial_runoff, nicolae_elyvilon_peaceful_grove,
          uniq_rupert, uniq_sonja
Temple:   nicolae_temple_x_marks_the_god
Orc:1:    dreamdust_dug_too_deep, layout_caves, basic_altar

Skill      XL: |  1  2  3  4  5  6  7  8  9 10 11 12 |
---------------+-------------------------------------+-----
Axes           | 3 4 5 6 7 9 11 12 14 | 14.7
Dodging        | 1 2 3 4 5 6 8 9 |  9.6
Fighting       | 4 5 6 7 8 9 10 11 | 11.2
Armour         | 4 5 6 7 8 9 10 11 | 11.1
Throwing       | 2 4 5 |  5.3
Evocations     | 2 3 4 |  4.6
Shields        | |  3.6

Action                     |  1- 3 |  4- 6 |  7- 9 | 10-12 || total
---------------------------+-------+-------+-------+-------++-------
  Melee: War axe           |    80 |   131 |    58 |       ||   269
         Headbutt          |     9 |    26 |    45 |    94 ||   174
         Battleaxe         |       |       |   119 |   398 ||   517
  Throw: Dart              |       |       |       |     6 ||     6
 Invoke: Heroism           |       |       |       |     2 ||     2
  Evoke: Wand              |       |       |       |    12 ||    12
    Use: Potion            |       |       |     1 |     2 ||     3
 Armour: Scale mail        |    10 |       |       |       ||    10
         Chain mail        |    70 |    71 |   143 |       ||   284
         Plate armour      |       |       |    24 |   442 ||   466
  Dodge: Dodged            |    27 |    49 |    99 |   174 ||   349
  Block: Buckler           |    17 |    31 |     8 |       ||    56
         Tower shield      |       |       |     3 |       ||     3

Table legend: (Time is in decaauts)
 A = Elapsed time spent in this place.
 B = Non-inter-level travel time spent in this place.
 C = Inter-level travel time spent in this place.
 D = Time resting spent in this place.
 E = Time spent auto-exploring this place.
 F = Levels seen in this place.
 G = Mean time per level.
                   A        B        C        D        E       F      G
               +--------+--------+--------+--------+--------+-----+--------+
         Total |  12744 |  12278 |    466 |   3279 |   6761 |  15 |  849.6 |
       Dungeon |  12378 |  11913 |    465 |   3192 |   6618 |  12 | 1031.5 |
        Temple |      1 |      1 |      0 |      0 |      0 |   1 |    1.0 |
  Orcish Mines |     17 |     17 |      0 |      0 |      0 |   1 |   17.0 |
         Sewer |    347 |    347 |      0 |     87 |    143 |   1 |  347.0 |
               +--------+--------+--------+--------+--------+-----+--------+

Top non-repeatable levels by time:
     D:8: 1759 daAuts
     D:5: 1224 daAuts
     D:7: 1173 daAuts
    D:11: 1139 daAuts
    D:12: 1137 daAuts
    D:10: 970 daAuts
     D:6: 860 daAuts
     D:1: 854 daAuts
     D:4: 850 daAuts
     D:3: 825 daAuts
     D:9: 813 daAuts
     D:2: 769 daAuts
   Sewer: 347 daAuts
   Orc:1: 17 daAuts
  Temple: 1 daAuts
